cohdb
Replays
Latest Replays
All Replays
Popular Replays
Top Player Replays
Match Explorer
How It Works
Community
CoH3 Stats
Reddit
Sign in to upload your games and track your stats! →
Sign in with Steam
Match 43947452
Unlisted
Match 43947452
Overview
Messages
Build Orders
End
Kettenkrad Recon Vehicle
Construct Infanterie Kompanie
Selects Breakthrough Battlegroup
Selects Assault Grenadiers
MG 42 Machine Gun Team
Grenadier Squad
Grenadier Squad
Construct Panzergrenadier Kompanie
251 Medium Carrier
Grenadier Squad
Support Elements
Selects Rapid Production
StuG III G Assault Gun
StuG III G Assault Gun
Selects Blitzkrieg
Nebelwerfer 42 Rocket Launcher Team
Nebelwerfer 42 Rocket Launcher Team
Pak 40 Anti-tank Gun Team
StuG III G Assault Gun
Pioneer Squad
StuG III G Assault Gun
Selects Tiger Heavy Tank
Tiger Heavy Tank
Selects Smoke Bombing Run
Pioneer Squad
Smoke Bombing Run
Selects Mechanized Assault Group
Pak 40 Anti-tank Gun Team
Pak 40 Anti-tank Gun Team
StuG III G Assault Gun
Pioneer Squad
wizard
Artanis
tre-_-cool
Psinobious
woof_raff
Friendly Mouse(Poxie)
0
0
Comments
sign in to comment!
No comments posted yet!